 Dungeon Crawl Stone Soup version 0.17.0 (webtiles) character file.

162 Eucla the Skirmisher (level 5, -13/70 HPs)
             Began as a Minotaur Berserker on Nov 11, 2015.
             Was a Believer of Trog.
             Killed from afar by Ijyb (17 damage)
             ... with a wand of cold
             ... on level 3 of the Dungeon.
             The game lasted 00:02:14 (1502 turns).

Eucla the Skirmisher (Minotaur Berserker)           Turns: 1502, Time: 00:02:14

Health: -13/70     AC: 10    Str: 27    XL:     5   Next: 19%
Magic:  4/4        EV: 11    Int:  4    God:    Trog [**....]
Gold:   85         SH:  0    Dex: 10    Spells: 0 memorised, 4 levels left

rFire  . . .     SeeInvis .     a - +0 hand axe
rCold  . . .     Clarity  .     w - +0 scale mail
rNeg   . . .     SustAt   .     (no shield)
rPois  .         Gourm    .     (helmet restricted)
rElec  .         Spirit   .     m - +1 cloak {MR+}
rCorr  .         Warding  .     r - +0 pair of gloves
rMut   .         Stasis   .     (no boots)
MR     +....                    (no amulet)
Stlth  ..........               (no ring)
                                (no ring)

@: berserking, very quick, somewhat resistant to hostile enchantments, extremely
unstealthy
A: retaliatory headbutt, horns 2
a: Berserk, Trog's Hand, Burn Spellbooks, Renounce Religion


You were on level 3 of the Dungeon.
You worshipped Trog.
Trog was pleased with you.
You were not hungry.

You visited 1 branch of the dungeon, and saw 3 of its levels.

You collected 85 gold pieces.

Inventory:

Hand Weapons
 a - a +0 hand axe (weapon)
Armour
 b - a +0 animal skin
 m - a +1 cloak of magic resistance (worn)
 r - a +0 pair of gloves (worn)
 w - a +0 scale mail (worn)
Jewellery
 p - a +5 ring of strength {unknown}
Scrolls
 g - a scroll of magic mapping {unknown}
 i - a scroll of blinking {unknown}
 k - 2 scrolls of noise {unknown}
 n - a scroll of enchant armour {unknown}
 o - a scroll of enchant weapon {unknown}
 s - a scroll of teleportation {unknown}
 t - a scroll of remove curse {unknown}
 v - a scroll of identify {unknown}
 x - a scroll of fear {unknown}
Potions
 d - 2 potions of lignification {unknown}
 e - 2 potions of heal wounds {unknown}
 f - 2 potions of degeneration {unknown}
 h - a potion of might {unknown}
 j - a potion of ambrosia {unknown}
 l - 2 potions of poison {unknown}
 q - a potion of curing {unknown}
Comestibles
 c - a bread ration
 u - a meat ration


   Skills:
 + Level 4.9 Fighting
 + Level 4.6 Axes
 + Level 3.8 Armour
 + Level 3.4 Dodging


You had 4 spell levels left.
You didn't know any spells.

Dungeon Overview and Level Annotations

Branches:
Dungeon (3/15)

Altars:

Annotations:
D:3 Ijyb


Innate Abilities, Weirdness & Mutations

You reflexively headbutt those who attack you in melee.
You have a pair of horns on your head.


Message History

Unknown command.
You are too injured to fight recklessly!
Unknown command.
You are too injured to fight recklessly!
You are too injured to fight recklessly!
Unknown command.
A red film seems to cover your vision as you go berserk!
You feel yourself moving faster!
You feel mighty!
You feel somewhat more hungry.
Ijyb zaps a wand.
The bolt of cold hits you!
* * * LOW HITPOINT WARNING * * *
You are too injured to fight recklessly!
Unknown command.
You are too injured to fight recklessly!
You feel a strong urge to attack something.
Found a scroll labeled QYESSOCWYI and 2 fizzy sapphire potions.
Unknown command.
You closely miss Ijyb. You headbutt Ijyb!
Ijyb is moderately wounded.
Ijyb zaps a wand.
The bolt of cold hits you!
You die...

........... .#.#
.........>. ...#
#.......... ...
#..........
..##......##....
.#...#..####.... ...
##.[..?!# ..#..(. .....
##g......#.##...#.#
...... #.@# ...##.....#
..... #.## ..)..##.#...
<....##.####.............
#.##....................
#..#..........#.# #.#...
#.#..........#.# #.#...
##............#.###.###.
#....##########.......(.
#.##..## ###..##.####


You could see Ijyb.

Vanquished Creatures
  An orc priest (D:3)
  Crazy Yiuf (D:2)
  3 adders
  An ooze (D:2)
  2 worms
  2 giant geckos
  4 orcs (D:3)
  6 hobgoblins
  9 jackals
  6 kobolds
  4 quokkas
  A ball python (D:3)
  4 bats
  5 giant cockroaches (D:2)
  A giant newt (D:3)
  4 goblins
  4 rats (D:1)
  3 fungi (D:2)
61 creatures vanquished.

Notes
Turn   | Place    | Note
--------------------------------------------------------------
     0 | D:1      | Eucla the Minotaur Berserker began the quest for the Orb.
     0 | D:1      | Reached XP level 1. HP: 19/19 MP: 0/0
   250 | D:1      | Reached skill level 4 in Fighting
   250 | D:1      | Reached XP level 2. HP: 27/27 MP: 1/1
   570 | D:2      | Reached XP level 3. HP: 33/33 MP: 2/2
   703 | D:2      | Reached ** piety under Trog
   782 | D:2      | Noticed Crazy Yiuf
   788 | D:2      | Killed Crazy Yiuf
   788 | D:2      | Reached XP level 4. HP: 41/41 MP: 3/3
  1450 | D:3      | Reached XP level 5. HP: 29/47 MP: 4/4
  1496 | D:3      | Noticed Ijyb
  1502 | D:3      | Killed from afar by Ijyb

Action                   |  1- 3 |  4- 6 || total
-------------------------+-------+-------++-------
Melee: Hand axe          |    60 |    54 ||   114
Invok: Berserk           |     1 |     1 ||     2
 Stab: Sleeping          |       |     2 ||     2
  Eat: Chunk             |       |     3 ||     3
